 Dungeon Crawl Stone Soup version 0.22.0 (webtiles) character file.

370 guampirotecnia the Skirmisher (level 6, -9/51 HPs)
             Began as a Merfolk Wanderer on Aug 10, 2018.
             Was an Initiate of Gozag.
             Mangled by a two-headed ogre
             ... wielding a +0 giant club
             ... created by the fury of Okawaru
              (10 damage)
             ... on level 6 of the Dungeon on Aug 11, 2018.
             The game lasted 00:30:04 (3199 turns).

guampirotecnia the Skirmisher (Merfolk Wanderer)    Turns: 3199, Time: 00:30:08

Health: -9/51      AC:  7    Str: 18    XL:     6   Next: 70%
Magic:  6/6        EV: 12    Int: 10    God:    Gozag
Gold:   314        SH:  0    Dex: 15    Spells: 5/5 levels left

rFire    . . .     SeeInvis .   a - +2 hand crossbow
rCold    . . .     Gourm    .   (no shield)
rNeg     . . .     Faith    .   B - +0 scale mail
rPois    .         Spirit   .   i - +0 hat
rElec    .         Reflect  .   (no cloak)
rCorr    .         Harm     .   (no gloves)
MR       .....     Clarity  +   q - +0 pair of boots
Stlth    +.........             (no amulet)
HPRegen  0.17/turn              v - +2 ring of evasion
MPRegen  0.10/turn              c - +4 ring of strength

@: no status effects
A: change form in water, swift swim, stealthy swim, clarity, sense surroundings
1
a: Potion Petition, Call Merchant, Bribe Branch, Renounce Religion


You were on level 6 of the Dungeon.
You worshipped Gozag.
Gozag was aware of your devotion.
You were not hungry.

You visited 1 branch of the dungeon, and saw 7 of its levels.

You collected 314 gold pieces.

Inventory:

Hand Weapons
 a - a +2 hand crossbow (weapon)
 e - a +0 dagger
 z - a +0 blowgun
 D - a +2 dagger of holy wrath
Missiles
 b - 41 bolts (quivered)
 A - 14 poisoned needles
Armour
 i - a +0 hat (worn)
 q - a +0 pair of boots (worn)
 B - a +0 scale mail (worn)
Jewellery
 c - a +4 ring of strength (right hand)
 v - a +2 ring of evasion (left hand)
 E - an uncursed ring of positive energy {unknown}
 H - the ring of Xined {EV+2 Int+3, unknown}
   (You found it on level 5 of the Dungeon)

   [ring of evasion]

   It affects your evasion (+2).
   It affects your intelligence (+3).
Wands
 s - a wand of paralysis (13)
 x - a wand of polymorph (8)
 y - a wand of disintegration (4)
Scrolls
 g - 3 scrolls of remove curse {unknown}
 k - 2 scrolls of identify
 n - 2 scrolls of fear {unknown}
 p - 2 scrolls of magic mapping {unknown}
 t - 5 scrolls of immolation {unknown}
 w - a scroll of blinking
 C - a scroll of fog {unknown}
 F - a scroll of enchant weapon {unknown}
 G - a scroll of noise {unknown}
Potions
 d - 3 potions of curing
 h - a potion of resistance {unknown}
 j - a potion of lignification
 l - 2 potions of mutation
 m - 2 potions of might {unknown}
 o - a potion of flight
 r - a potion of haste
 u - 2 potions of agility {unknown}
Comestibles
 f - 6 rations


   Skills:
 + Level 5.1 Fighting
 + Level 4.4 Crossbows
 + Level 1.8 Armour
 + Level 1.9 Dodging
 + Level 3.5 Stealth
   Level 1.0 Shields


You had 5 spell levels left.
You didn't know any spells.
Your spell library was empty.

Dungeon Overview and Level Annotations

Branches:
Dungeon (7/15)             Temple (0/1) D:6

Altars:
Dithmenos
Elyvilon
Gozag
Hepliaklqana
Okawaru
Vehumet
Yredelemnul

Shops:
D:7 *


Innate Abilities, Weirdness & Mutations

You revert to your normal form in water.
You are very nimble and swift while swimming.
You are very stealthy in the water. (Stealth+)
You possess an exceptional clarity of mind.
You passively map a small area around you.


Message History

The gnoll shouts! x2
The gnoll moves out of view. x2
The gnoll hits you but does no damage.
A worker ant comes into view.
The worker ant twitches its antennae in your direction.
There is an open door here.
There isn't anything here!
There is an entrance to Wycemyxuid's Assorted Antiques here.
There is an open door here.
The gnoll sergeant hits you but does no damage.
The gnoll sergeant hits you but does no damage.
There is a stone staircase leading up here.
You can't go down here!
The gnoll sergeant barely misses you.
You climb upwards.
The two-headed ogre hits you with a giant club!!
* * * LOW HITPOINT WARNING * * *
The two-headed ogre hits you with a giant spiked club!
You die...
Your body crumbles into a pile of gold.

###$.....o#..#o# ,
..+.....o..#.#.### * *
........##.#...o.# , ,
* ≈≈.....o##.#$#.#.# *
* ≈≈≈≈≈....##.#$#.#.#
≈≈≈≈≈≈≈..##.#...#o# *
≈≈≈≈≈≈≈≈≈..#.#...#.#
...≈≈≈≈≈≈....#.Z.#.# *
.>.≈≈≈≈≈≈o##.#.#@#Y# *
...≈≈≈≈≈≈.##.#.#O#o####
≈≈≈≈≈≈≈≈oo##.# #o#....#
≈≈≈≈≈≈....##.#,#.#Oh..#
≈≈≈≈....(.##.#,#h#....#
.......(..##.# #......#
# ######.#####.#
#.Y....# * . *
#.......# #......# .
#######.#,#....### .


You could see a two-headed ogre, an orc warrior, an ice beast, a hound, an orc
and a quokka zombie.

Vanquished Creatures
  An ogre (D:5)
  An orc priest (D:3)
  Ijyb (D:2)
  Terence (D:2)
  Natasha (twice) (D:2)
  5 adders
  3 gnolls (D:2)
  A howler monkey skeleton (D:3)
  A worm (D:3)
  2 leopard geckos
  5 orcs
  4 giant cockroaches
  11 goblins
  6 hobgoblins
  5 jackals
  4 kobolds
  4 bats
  7 frilled lizards
  8 rats
72 creatures vanquished.

Notes
Turn   | Place    | Note
-------+----------+-------------------------------------------
     0 | D:1      | guampirotecnia the Merfolk Wanderer began the quest for the Orb.
     0 | D:1      | guampirotecnia set off with: a +2 hand crossbow, 25 bolts, a +0 ring mail, a potion of curing, a +0 dagger, a ration
     0 | D:1      | Reached XP level 1. HP: 20/20 MP: 1/1
   249 | D:1      | Reached XP level 2. HP: 26/26 MP: 2/2
   957 | D:2      | Reached XP level 3. HP: 32/32 MP: 3/3
  1214 | D:2      | Noticed Natasha
  1215 | D:2      | Killed Natasha
  1215 | D:2      | Reached XP level 4. HP: 38/38 MP: 4/4
  1455 | D:2      | Noticed Terence
  1461 | D:2      | Killed Terence
  1461 | D:2      | Reached skill level 1 in Armour
  1461 | D:2      | Reached XP level 5. HP: 43/43 MP: 5/5
  1463 | D:2      | Gained mutation: You passively map a small area around you. [potion of mutation]
  1463 | D:2      | Gained mutation: You possess an exceptional clarity of mind. [potion of mutation]
  1610 | D:2      | Noticed Natasha
  1620 | D:2      | Killed Natasha
  1655 | D:2      | Noticed Ijyb
  1666 | D:2      | Killed Ijyb
  1798 | D:3      | Reached skill level 5 in Fighting
  1881 | D:3      | Reached XP level 6. HP: 29/51 MP: 6/6
  1926 | D:3      | Found a hazy altar of Hepliaklqana.
  2182 | D:3      | Found a shadowy altar of Dithmenos.
  2630 | D:4      | Found a faded altar of an unknown god.
  2630 | D:4      | Found a white marble altar of Elyvilon.
  2638 | D:4      | Found a basalt altar of Yredelemnul.
  2645 | D:4      | Found a radiant altar of Vehumet.
  2647 | D:4      | Found a faded altar of an unknown god.
  2651 | D:4      | Became a worshipper of Warmaster Okawaru
  2651 | D:4      | Reached * piety under Okawaru
  2676 | D:4      | Fell from the grace of Okawaru
  2676 | D:4      | Became a worshipper of Gozag Ym Sagoz the Greedy
  2803 | D:5      | Entered Level 5 of the Dungeon
  2863 | D:5      | Got a fine iron ring
  3079 | D:6      | Found a staircase to the Ecumenical Temple.
  3110 | D:6      | Noticed a two-headed ogre
  3110 | D:6      | Noticed an orc warrior
  3132 | D:6      | Noticed an ice beast
  3164 | D:7      | Found Wycemyxuid's Assorted Antiques.
  3178 | D:7      | Noticed a two-headed ogre
  3199 | D:6      | HP: 1/51 [two-headed ogre/giant club[the fury of Okawaru] (23)]
  3199 | D:6      | Mangled by a two-headed ogre

Skill      XL: |  1  2  3  4  5  6 |
---------------+-------------------+-----
Crossbows      | 2 3 4 |  4.4
Armour         | 1 |  1.8
Fighting       | 5 |  5.1
Dodging        | |  1.9
Stealth        | |  3.5
Shields        | |  1.0

Action                   |  1- 3 |  4- 6 || total
-------------------------+-------+-------++-------
 Fire: Hand crossbow     |    76 |   103 ||   179
  Use: Scroll            |       |     1 ||     1
       Potion            |       |     4 ||     4
  Eat: Ration            |     1 |     1 ||     2
Armor: Ring mail         |    17 |     4 ||    21
       Skin              |       |     2 ||     2
       Scale mail        |       |    10 ||    10
Dodge: Dodged            |    21 |    30 ||    51
